 Dungeon Crawl Stone Soup version 0.27-a0-95-g5a9077b8ae (webtiles) character file.

Game seed: 10162961339632681949

8 knot the Chopper (level 2, 18/24 HPs)
             Began as a Demonspawn Berserker on Jan 19, 2021.
             Was a Follower of Trog.
             Quit the game on level 1 of the Dungeon.
             The game lasted 00:00:20 (451 turns).

knot the Chopper (Demonspawn Berserker)              Turns: 451, Time: 00:00:22

Health: 18/24      AC:  2    Str: 17    XL:     2   Next: 0%
Magic:  2/2        EV: 12    Int:  8    God:    Trog [*.....]
Gold:   23         SH:  0    Dex: 12    Spells: 1/1 levels left

rFire    . . .     SeeInvis .   a - +0 hand axe
rCold    . . .     Faith    .   (no shield)
rNeg     . . .     Spirit   .   b - +0 animal skin
rPois    .         Reflect  .   (helmet restricted)
rElec    .         Harm     .   (no cloak)
rCorr    .         Rampage  .   (no gloves)
Will     .....                  (no boots)
Stlth    +.........             (no amulet)
HPRegen  0.08/turn              (no ring)
MPRegen  0.08/turn              (no ring)

@: no status effects
A: antennae 1
a: Renounce Religion, Berserk


You were on level 1 of the Dungeon.
You worshipped Trog.
Trog was aware of your devotion.
You visited 1 branch of the dungeon, and saw 1 of its levels.

You collected 23 gold pieces.

Inventory:

Hand Weapons
 a - a +0 hand axe (weapon)
Armour
 b - a +0 animal skin (worn)


   Skills:
 - Level 3.0 Fighting
 + Level 3.2 Axes
 - Level 1.7 Armour
 - Level 1.7 Dodging


You had one spell level left.
You didn't know any spells.
Your spell library was empty.

Dungeon Overview and Level Annotations

Branches:
Dungeon (1/15)

Altars:


Innate Abilities, Weirdness & Mutations

You have a pair of small antennae on your head.


Message History

You feel yourself speed up.
You recover from your berserk rage.
HP restored.
You now have 23 gold pieces (gained 7).
A kobold comes into view. It is wielding a +0 whip.
A kobold is nearby!
A kobold is nearby!
The kobold shouts!
A bat comes into view.
You miss the kobold. The kobold hits you with a +0 whip.
The bat closely misses you.
You barely miss the bat. You hit the kobold.
You kill the kobold!
Trog accepts your kill. The bat closely misses you. The bat barely misses you.
You have reached level 2!
You feel monstrous as your demonic heritage exerts itself.
Your demonic ancestry asserts itself...
A pair of antennae grows on your head!
Are you sure you want to abandon this character and quit the game? (Confirm with "yes".)

#.......†....
.#...#...).... .
.#...##........ .. .....
#........ ... ....#
#........ .... ##..#
#........
.....#######.###........
#......b.....##........
#....)@.......#........
#..........#..##.######
#..........#..##.#
#########+##..##.#
#..##.#### ##.##.†..# #
#..#.##.### #..#.##...#
#.....#....


You could see a bat.

Vanquished Creatures
  2 giant cockroaches (D:1)
  A goblin (D:1)
  A hobgoblin (D:1)
  A kobold (D:1)
  A bat (D:1)
  A rat (D:1)
7 creatures vanquished.

Notes
Turn   | Place    | Note
-------+----------+-------------------------------------------
     0 | D:1      | knot the Demonspawn Berserker began the quest for the Orb.
     0 | D:1      | Reached XP level 1. HP: 18/18 MP: 1/1
   451 | D:1      | Gained mutation: You have a pair of small antennae on your
                  | head. [demonic ancestry]
   451 | D:1      | Reached XP level 2. HP: 18/24 MP: 2/2
   451 | D:1      | Quit the game

Illustrated notes

Levels and vault maps discovered:
D:1:      erik_arrival_blinker_ship, layout_basic, minmay_misc_feat_tower

Skill      XL: |  1 |
---------------+----+-----
Axes           | 3 |  3.2
Fighting       | |  3.0
Armour         | |  1.7
Dodging        | |  1.7

Action                   || total
-------------------------++-------
Melee: Hand axe          ||    26
Invok: Berserk           ||     1
 Stab: Sleeping          ||     2
Armor: Animal skin       ||     5
Dodge: Dodged            ||    18

Table legend: (Time is in decaauts)
 A = Elapsed time spent in this place.
 B = Non-inter-level travel time spent in this place.
 C = Inter-level travel time spent in this place.
 D = Time resting spent in this place.
 E = Time spent auto-exploring this place.
 F = Levels seen in this place.
 G = Mean time per level.
                   A        B        C        D        E       F      G
               +--------+--------+--------+--------+--------+-----+--------+
         Total |    470 |    470 |      0 |    184 |    232 |   1 |  470.0 |
       Dungeon |    470 |    470 |      0 |    184 |    232 |   1 |  470.0 |
               +--------+--------+--------+--------+--------+-----+--------+

Top non-repeatable levels by time:
     D:1: 470 daAuts
